 Dungeon Crawl Stone Soup version 0.29.1-12-g30fa7ad0bf (webtiles) character file.

Game seed: 4114907604248368979

1187 mortz the Cleaver (level 8, -1/71 HPs)
             Began as a Hill Orc Abyssal Knight on Dec 22, 2022.
             Was an Elder of Lugonu.
             Slain by a troll (4 damage)
             ... on level 6 of the Dungeon.
             The game lasted 00:25:01 (7934 turns).

mortz the Cleaver (Hill Orc Abyssal Knight)         Turns: 7934, Time: 00:25:02

Health: -1/71      AC: 13    Str: 18    XL:     8   Next: 43%
Magic:  13/13      EV:  5    Int: 10    God:    Lugonu [****..]
Gold:   236        SH:  6    Dex: 11    Spells: 7/7 levels left

rFire   . . .      SeeInvis .   a - +0 broad axe
rCold   . . .      Faith    .   h - +0 kite shield
rNeg    . . .      Spirit   .   g - +0 chain mail
rPois   .          Reflect  .   c - +1 helmet
rElec   .          Harm     .   l - +2 cloak
rCorr   .          Rampage  .   (no gloves)
Will    .....                   (no boots)
Stlth   ..........              (no amulet)
HPRegen 0.21/turn               (no ring)
MPRegen 0.13/turn               (no ring)

@: no status effects
A: no striking features
a: Renounce Religion, Depart the Abyss, Bend Space, Banish, Corrupt


You were on level 6 of the Dungeon.
You worshipped Lugonu.
Lugonu was greatly pleased with you.
You visited 1 branch of the dungeon, and saw 6 of its levels.
You visited the Abyss 1 time.
You also visited: Sewer.

You collected 236 gold pieces.

Inventory:

Hand Weapons
 a - a +0 broad axe (weapon)
 b - a +0 sling
 e - a +0 hand axe
 i - a +1 hand axe
 m - a +0 war axe
 n - a +0 hammer
Missiles
 p - a curare-tipped dart
 v - 10 poisoned darts
 y - 5 javelins
 z - 57 stones (quivered)
Armour
 c - a +1 helmet (worn)
 g - a +0 chain mail (worn)
 h - a +0 kite shield (worn)
 l - a +2 cloak (worn)
 A - a +1 robe of positive energy
Wands
 f - a wand of light (12)
Scrolls
 o - a scroll of enchant armour
 C - a scroll of amnesia
Potions
 d - a potion of curing
 j - 4 potions of flight
 k - 2 potions of heal wounds
 q - a potion of resistance
 r - a potion of brilliance
 s - 2 potions of might {unknown}
 t - 2 potions of invisibility
 u - a potion of experience {unknown}
 w - 2 potions of magic
 x - a potion of haste {unknown}
 B - a potion of lignification {unknown}


   Skills:
 + Level 6.9 Fighting
 * Level 9.4 Axes
 - Level 2.1 Armour
 - Level 0.7 Dodging
 + Level 6.8 Invocations


You had 7 spell levels left.
You didn't know any spells.
Your spell library contained the following spells:

 Spells                   Type           Power      Damage    Failure   Level
 Apportation              Tloc           0%         N/A       100%        1
 Necrotise                Necr           0%         1d4       100%        1
 Sting                    Tmut/Pois      0%         1d3       100%        1
 Summon Small Mammal      Summ           0%         N/A       100%        1
 Poisonous Vapours        Pois/Air       0%         N/A       100%        2
 Olgreb's Toxic Radiance  Pois           0%         N/A       100%        4


Dungeon Overview and Level Annotations

Branches:
Dungeon (6/15) Zot: 26727   Sewer (visited)
 Temple: D:4-7

Altars:
Ashenzari
Qazlal
Vehumet

Shops:
D:5 !


Message History

You shoot a sling bullet.
The sling bullet hits the troll but does no damage.
a - a +0 broad axe (weapon)
An adder comes into view.
The troll barely misses you. The troll claws you!
You slash the troll!
The troll is moderately wounded.
The troll barely misses you. The troll claws you.
You hit the troll.
The troll is moderately wounded.
The troll bites you! The troll claws you! The adder completely misses you.
You slash the troll!
The troll is severely wounded.
You miss the adder. The troll bites you. The troll claws you!
The adder barely misses you. The troll bites you! The troll closely misses you.
The troll claws you.
You hit the troll.
The troll is severely wounded.
You hit the adder. The troll bites you!
* * * LOW HITPOINT WARNING * * *
The troll barely misses you.
Unknown command.
You slash the troll!
The troll is almost dead.
You closely miss the adder. The troll bites you.
* * * LOW HITPOINT WARNING * * *
You barely miss the troll.
The troll is almost dead.
You closely miss the adder. The troll barely misses you.
The adder barely misses you. The troll bites you.
* * * LOW HITPOINT WARNING * * *
The adder completely misses you.
You closely miss the troll.
The troll is almost dead.
You closely miss the adder. The troll barely misses you.
Unknown command.
You hit the troll.
The troll is almost dead.
You miss the adder. The troll bites you.
You die...

##.######## #.........
#......##. ##.........
#####...#....## #
............## ..[
....##..##..# #....
........##..######....##
...####..#......@T......
.................S...##.
...#####........#..#....
#......#.?.....##
#...............
#................
#................
#................
#.#.......


You could see a troll and an adder.

Vanquished Creatures
  Grinder (D:3)
  Sigmund (D:5)
  A water moccasin (D:6)
  An ogre (D:5)
  A black bear (D:5)
  2 kobold brigands (Sewer)
  2 hounds
  Crazy Yiuf (D:3)
  4 iguanas
  8 adders
  5 river rats
  A white imp (D:5)
  An ufetubus (D:5)
  3 worms
  3 dart slugs
  5 orcs (D:3)
  4 bats
  2 endoplasms
  3 giant cockroaches
  8 goblins
  3 hobgoblins
  5 jackals
  15 kobolds
  3 quokkas
  8 ball pythons
  4 frilled lizards
  26 rats
121 creatures vanquished.

Notes
Turn   | Place    | Note
-------+----------+-------------------------------------------
     0 | Abyss:1  | mortz the Hill Orc Abyssal Knight began the quest for the
                  | Orb.
     0 | Abyss:1  | Reached XP level 1. HP: 19/19 MP: 2/2
     1 | D:1      | Escaped the Abyss
   228 | D:1      | Reached skill level 3 in Axes
   235 | D:1      | Reached XP level 2. HP: 24/27 MP: 4/4
   268 | D:1      | Found a faded altar of an unknown god.
  1274 | D:2      | Reached XP level 3. HP: 33/33 MP: 5/5
  1350 | D:2      | Reached skill level 4 in Axes
  1563 | D:2      | Found a stormy altar of Qazlal.
  1705 | D:2      | Reached *** piety under Lugonu
  1808 | D:2      | Reached XP level 4. HP: 34/40 MP: 6/6
  2336 | D:3      | Found a broken altar of Ashenzari.
  2474 | D:3      | Found a glowing drain.
  2502 | Sewer    | Entered a sewer
  2872 | Sewer    | Noticed a kobold brigand
  2889 | Sewer    | Killed a kobold brigand
  2890 | Sewer    | Reached skill level 5 in Axes
  2890 | Sewer    | Reached XP level 5. HP: 27/47 MP: 6/8
  3172 | Sewer    | Reached **** piety under Lugonu
  3449 | Sewer    | Reached skill level 5 in Fighting
  3477 | Sewer    | Noticed a kobold brigand
  3483 | Sewer    | Killed a kobold brigand
  3484 | Sewer    | Reached skill level 6 in Axes
  3484 | Sewer    | Reached XP level 6. HP: 36/56 MP: 9/9
  4120 | D:3      | Found a radiant altar of Vehumet.
  4344 | D:3      | Noticed Grinder
  4357 | D:3      | Killed Grinder
  4358 | D:3      | Reached skill level 7 in Axes
  4358 | D:3      | Reached skill level 5 in Invocations
  4358 | D:3      | Reached XP level 7. HP: 33/62 MP: 10/10
  4547 | D:3      | Found a runed translucent door.
  4548 | D:3      | Noticed Crazy Yiuf
  4559 | D:3      | Killed Crazy Yiuf
  5918 | D:5      | Entered Level 5 of the Dungeon
  6164 | D:5      | Noticed Sigmund
  6181 | D:5      | Killed Sigmund
  6182 | D:5      | Reached skill level 8 in Axes
  6294 | D:5      | Found Kuarch's Distillery.
  6385 | D:5      | Reached XP level 8. HP: 15/71 MP: 12/12
  6801 | D:5      | Reached skill level 9 in Axes
  7921 | D:6      | Noticed a troll
  7932 | D:6      | HP: 2/71 [troll (3)]
  7934 | D:6      | Slain by a troll

Illustrated notes

Levels and vault maps discovered:
D:1:      roderic_dead_forest, layout_basic,
          ebering_ecumenical_altar_sacrificial, minmay_cupped
D:2:      layout_loops_corners, basic_altar
D:3:      layout_basic, jmf_multi_god_temple, portal_sewer_entry_c,
          uniq_grinder, uniq_crazy_yiuf_cottage
D:4:      layout_loops_ring
D:5:      layout_layer_cave, serial_shops, nicolae_lakefront_shop,
          kennysheep_boxes, uniq_sigmund
D:6:      minmay_skewed_foursquare, layout_rooms, serial_shops, kennysheep_mini,
          nicolae_inconvenience_store, dk_noncrumbling_2

Skill      XL: |  1  2  3  4  5  6  7  8 |
---------------+-------------------------+-----
Axes           | 3 4 5 6 7 8 9 |  9.4
Fighting       | 4 5 6 |  6.9
Invocations    | 3 4 5 6 |  6.8
Armour         | |  2.1
Dodging        | |  0.7

Action                   |  1- 3 |  4- 6 |  7- 9 || total
-------------------------+-------+-------+-------++-------
Melee: Hand axe          |    39 |       |       ||    39
       Broad axe         |    79 |   183 |   130 ||   392
 Fire: Sling             |       |       |    13 ||    13
Throw: Stone             |       |    11 |       ||    11
  Use: Scroll            |       |     9 |     5 ||    14
Armor: Leather armour    |     4 |       |       ||     4
       Chain mail        |    80 |   104 |    88 ||   272
       Ring mail         |     1 |       |       ||     1
Dodge: Dodged            |    35 |    50 |    46 ||   131
Block: Kite shield       |    24 |    76 |    48 ||   148
